 Dungeon Crawl Stone Soup version 0.18.1-8-gdd0e5ea (webtiles) character file.

168 Rose the Chiller (level 5, -2/37 HPs)
             Began as a Human Ice Elementalist on June 4, 2016.
             Slain by a giant frog skeleton (4 damage)
             ... on level 4 of the Dungeon.
             The game lasted 00:47:54 (2036 turns).

Rose the Chiller (Human Ice Elementalist)           Turns: 2036, Time: 00:47:54

Health: -2/37      AC:  3    Str:  8    XL:     5   Next: 78%
Magic:  5/9        EV: 13    Int: 16    God:
Gold:   129        SH:  0    Dex: 14    Spells: 1 memorised, 9 levels left

rFire  . . .     SeeInvis .     e - +1 dagger (drain)
rCold  . . .     Gourm    .     a - +0 robe
rNeg   . . .     Faith    .     (no shield)
rPois  .         Spirit   .     (no helmet)
rElec  .         Dismiss  .     n - +0 cloak
rCorr  .         Reflect  .     (no gloves)
SustAt .         Harm     .     (no boots)
MR     .....                    (no amulet)
Stlth  ++........               (no ring)
                                (no ring)

@: not resistant to hostile enchantments, unstealthy
A: no striking features
a: no special abilities


You were on level 4 of the Dungeon.
You were not hungry.

You visited 1 branch of the dungeon, and saw 4 of its levels.

You collected 129 gold pieces.

Inventory:

Hand Weapons
 e - a +1 dagger of draining (weapon)
 j - a +0 dagger
 m - a +0 club
 o - a +0 hand axe
 q - a +0 long sword
 s - a +0 giant club
Missiles
 g - 5 tomahawks
 h - 99 stones (quivered)
 k - 2 javelins
 l - 41 arrows
Armour
 a - a +0 robe (worn)
 d - a +0 leather armour
 n - a +0 cloak (worn)
Scrolls
 f - 2 scrolls of remove curse
 p - a scroll of identify
Books
 b - a book of Frost

   Spells                             Type                      Level
   a - Freeze                         Ice                          1
   b - Throw Frost                    Conjuration/Ice              2
   c - Ozocubu's Armour               Charms/Ice                   3
   d - Throw Icicle                   Conjuration/Ice              4
   e - Summon Ice Beast               Ice/Summoning                4
Comestibles
 c - 2 bread rations
 i - a meat ration


   Skills:
 * Level 1.5 Fighting
 + Level 0.4 Short Blades
 + Level 0.2 Throwing
 + Level 2.8 Dodging
 + Level 2.3 Stealth
 + Level 3.0 Spellcasting
   Level 1.0 Conjurations
 * Level 4.3 Ice Magic


You had 9 spell levels left.
You knew the following spells:

 Your Spells              Type           Power        Failure   Level  Hunger
a - Freeze                Ice            ###.         3%          1    #......


Dungeon Overview and Level Annotations

Branches:
Dungeon (4/15)
 Temple: D:4-7

Altars:


Message History

Press: ? - help, Shift-Dir - straight line, f/p - giant frog skeleton
Aim: a giant frog skeleton You freeze the giant frog skeleton.
The giant frog skeleton completely resists.
The giant frog skeleton hits you but does no damage.
The giant frog skeleton closely misses you.
Casting: Freeze
Confirm with . or Enter, or press ? or * to list all spells.
Aiming: Freeze
Press: ? - help, Shift-Dir - straight line, f/p - giant frog skeleton
Aim: a giant frog skeleton You freeze the giant frog skeleton.
The giant frog skeleton resists.
The giant frog skeleton barely misses you.
You hit the giant frog skeleton but do no damage.
The giant frog skeleton hits you.
* * * LOW HITPOINT WARNING * * *
You hit the giant frog skeleton.
The giant frog skeleton barely misses you.
The giant frog skeleton hits you.
You die...

..........#......# ##......##..
####..##.....>...# ##..........#
# #..#*.........####...........#
#..#*,###....................# *
*#..#,,* **#..................#
***...#,** #...................
,,,,,,,,* ##......##..........
,,****,,*** ##......###.........
,,***,,,,,** #..@.#...#..........
,,,**,***,,**#..Z..#...<.........
,,,,*,* **,....#.....#####.......
,,,,,>* *##.........# ##......
,,,,,,*** *#.##.....## #....##
,,,,,,,,**#..,###...# #..####
,,,,,,,,,*#..,,**##.#* **#.#* #
,,,,,,,,,,..,,,,,,,..****...*
,,,,,,,,,,,,,,,,,,,,,,*,,...#*


You could see a giant frog skeleton.

Vanquished Creatures
  An ogre (D:4)
  3 adders
  An ooze (D:4)
  An adder skeleton (D:4)
  3 worms
  A dart slug (D:2)
  A giant gecko (D:3)
  4 goblins
  7 hobgoblins
  4 jackals
  6 kobolds
  A quokka (D:4)
  6 bats
  3 giant newts
  5 rats
47 creatures vanquished.

Notes
Turn   | Place    | Note
--------------------------------------------------------------
     0 | D:1      | Rose the Human Ice Elementalist began the quest for the Orb.
     0 | D:1      | Reached XP level 1. HP: 13/13 MP: 3/3
   145 | D:1      | Reached XP level 2. HP: 19/19 MP: 0/5
   870 | D:2      | Reached XP level 3. HP: 22/24 MP: 1/6
  1339 | D:3      | Reached XP level 4. HP: 13/31 MP: 2/7
  1392 | D:3      | Reached skill level 1 in Fighting
  1941 | D:4      | Noticed an ogre
  1968 | D:4      | Killed an ogre
  1968 | D:4      | Reached skill level 4 in Ice Magic
  1968 | D:4      | Reached XP level 5. HP: 8/37 MP: 6/9
  2035 | D:4      | HP: 1/37 [giant frog skeleton (4)]
  2036 | D:4      | Slain by a giant frog skeleton

Skill      XL: |  1  2  3  4 |
---------------+-------------+-----
Fighting       | 1 |  1.5
Spellcasting   | 3 |  3.0
Ice Magic      | 4 |  4.3
Short Blades   | |  0.4
Throwing       | |  0.2
Dodging        | |  2.8
Stealth        | |  2.3
Conjurations   | |  1.0

Action                   |  1- 3 |  4- 6 || total
-------------------------+-------+-------++-------
Melee: Unarmed           |     4 |       ||     4
       Dagger            |    24 |    33 ||    57
Throw: Stone             |       |     8 ||     8
 Cast: Freeze            |    52 |    33 ||    85
  Use: Scroll            |     6 |     3 ||     9
       Potion            |     3 |     2 ||     5
  Eat: Meat ration       |     1 |       ||     1
Armor: Robe              |    15 |     5 ||    20
       Skin              |       |     3 ||     3
Dodge: Dodged            |    41 |    29 ||    70
